AoeStats
← El_Roger!

African Clearing

505742724Analyzed
4v4 RM · 21d ago on Sep 10, 2026· 50m 29s· 8 players
Game mode
Random Map
Map size
Large (8 player)
Population
200
Speed
Normal
Resources
Standard
Victory
Conquest
Starting age
Dark Age
Ending age
Imperial Age
RankedLock teamsTeams togetherTeam positionsShared explorationLock speedFull tech treeHidden civsTurbo modeCheats
Victory
Defeat
🇨🇱 Mapuche · Chile
1084
+14
🇺🇸 Mongols · United States
1066
+15
🇷🇺 Vietnamese · Russia
1038
+16
🇨🇴 Teutons · Colombia
1026
+16
🇮🇹 Mongols · Italy
1072
-17
🇮🇹 Vietnamese · Italy
1063
-16
🇮🇹 Persians · Italy
1049
-16
🇮🇹 Franks · Italy
952
-12
Djene
11:28 Loom
13:44 Feudal Age
14:59 Horse Collar
15:08 Double-Bit Axe
21:53 Forging
26:39 Castle Age
28:17 Scale Barding Armor
29:50 Iron Casting
29:36 Husbandry
31:20 Wheelbarrow
32:41 Bloodlines
37:52 Chain Barding Armor
47:07 Imperial Age
47:20 Cavalier
47:44 Light Cavalry
Cunctator
10:10 Loom
13:22 Feudal Age
13:56 Double-Bit Axe
16:14 Fletching
21:02 Castle Age
21:09 Crossbowman
21:50 Bodkin Arrow
22:27 Bow Saw
26:43 Padded Archer Armor
29:09 Ballistics
31:04 Thumb Ring
32:16 Town Watch
33:06 Wheelbarrow
32:43 Gold Mining
32:43 Elite Skirmisher
36:58 Hand Cart
37:00 Pikeman
42:32 Bloodlines
41:45 Light Cavalry
42:25 Husbandry
45:10 Imperial Age
43:18 Scale Barding Armor
43:29 Leather Archer Armor
43:29 Forging
45:11 Chain Barding Armor
46:22 Iron Casting
Conquistatoooore
4:00 Loom
14:58 Feudal Age
21:43 Castle Age
23:44 Husbandry
24:34 Forging
29:47 Scale Barding Armor
32:27 Gold Mining
32:25 Double-Bit Axe
36:17 Iron Casting
38:09 Gold Shaft Mining
38:37 Chain Barding Armor
44:59 Imperial Age
45:53 Wheelbarrow
48:21 Cavalier
lorenzo021
6:49 Loom
15:42 Feudal Age
16:31 Double-Bit Axe
16:54 Horse Collar
17:10 Fletching
27:21 Castle Age
25:34 Padded Archer Armor
27:09 Bloodlines
27:28 Crossbowman
28:16 Bodkin Arrow
32:22 Wheelbarrow
31:35 Elite Skirmisher
35:02 Stone Mining
36:35 Leather Archer Armor
36:38 Town Watch
38:23 Gold Mining
42:28 Bow Saw
43:47 Hand Cart
44:13 Thumb Ring
45:15 Gold Shaft Mining
44:57 Heavy Plow
45:43 Stone Shaft Mining
49:14 Imperial Age
Alcatraz
10:23 Loom
10:36 Loom
14:12 Feudal Age
18:51 Castle Age
16:39 Double-Bit Axe
20:20 Bow Saw
19:54 Horse Collar
20:09 Fletching
20:20 Padded Archer Armor
21:06 Wheelbarrow
23:27 Bodkin Arrow
23:48 Leather Archer Armor
23:32 Gold Mining
28:57 Ballistics
28:56 Bloodlines
28:47 Husbandry
36:09 Imperial Age
34:45 Light Cavalry
35:33 Scale Barding Armor
35:39 Forging
35:45 Masonry
36:42 Chain Barding Armor
37:26 Gold Shaft Mining
36:41 Stone Mining
37:35 Conscription
37:20 Nomads
37:30 Capped Ram
39:56 Town Watch
40:27 Hand Cart
40:15 Bracer
42:17 Chemistry
41:34 Hussar
43:39 Iron Casting
43:42 Drill
43:50 Drill
43:51 Murder Holes
46:43 Blast Furnace
50:20 Siege Ram
R0F | [0] | PEDRO
10:52 Loom
14:18 Feudal Age
15:59 Double-Bit Axe
17:06 Fletching
35:26 Castle Age
45:54 Gold Mining
51:28 Imperial Age
50:31 Wheelbarrow
50:11 Bow Saw
50:21 Scale Barding Armor
50:27 Forging
Camilo M87
3:34 Loom
12:22 Feudal Age
14:41 Double-Bit Axe
18:11 Champi Runner
20:12 Scale Mail Armor
23:55 Castle Age
21:57 Horse Collar
25:52 Elite Skirmisher
26:44 Pikeman
30:15 Wheelbarrow
31:33 Town Watch
32:47 Hand Cart
33:14 Masonry
36:12 Malon
38:37 Champi Warrior
42:37 Forging
47:39 Imperial Age
47:56 Halberdier
48:50 Butalmapu
49:09 Conscription
El_Roger!
16:25 Loom
18:16 Feudal Age
27:26 Castle Age
26:17 Scale Mail Armor
27:49 Pikeman
30:59 Elite Skirmisher
39:01 Wheelbarrow
38:11 Town Watch
38:53 Ballistics
43:34 Imperial Age
41:46 Double-Bit Axe
44:16 Fletching
46:38 Padded Archer Armor
47:08 Capped Ram
47:14 Imperial Skirmisher
48:22 Bow Saw
48:49 Bodkin Arrow
50:07 Bracer
50:22 Leather Archer Armor
Connection lost

Rejoining the realm…

Still unreachable

The connection could not be restored.

Session expired

The server has moved on; the page needs a fresh start.